 Dungeon Crawl Stone Soup version 0.27.1-1-g398f81649c (webtiles) character file.

Game seed: 1319489805559007879

180 Thatpatchoflichen the Chopper (level 5, 0/46 HPs)
             Began as a Hill Orc Monk on Sept 6, 2021.
             Slain by Duvessa (2 damage)
             ... on level 4 of the Dungeon.
             The game lasted 00:12:27 (5695 turns).

Thatpatchoflichen the Chopper (Hill Orc Monk)       Turns: 5695, Time: 00:12:28

Health: 0/46       AC:  9    Str: 15    XL:     5   Next: 60%
Magic:  5/5        EV: 10    Int: 10    God:
Gold:   199        SH:  0    Dex: 13    Spells: 4/4 levels left

rFire    . . .     SeeInvis .   j - +0 war axe
rCold    . . .     Faith    .   (no shield)
rNeg     . . .     Spirit   .   o - +0 scale mail
rPois    .         Reflect  .   m - +0 helmet
rElec    .         Harm     .   r - +0 cloak
rCorr    .         Rampage  .   (no gloves)
Will     .....                  (no boots)
Stlth    +.........             (no amulet)
HPRegen  0.15/turn              (no ring)
MPRegen  0.09/turn              (no ring)

@: no status effects
A: no striking features
a: no special abilities


You were on level 4 of the Dungeon.
You visited 1 branch of the dungeon, and saw 4 of its levels.

You collected 199 gold pieces.

Inventory:

Hand Weapons
 j - a +0 war axe (weapon)
Missiles
 g - 4 javelins (quivered)
 h - 170 stones
 k - 33 bolts
 n - 49 sling bullets
Armour
 b - a +0 robe
 m - a +0 helmet (worn)
 o - a +0 scale mail (worn)
 r - a +0 cloak (worn)
Scrolls
 c - 3 scrolls of teleportation {unknown}
 f - a scroll of identify {unknown}
 l - a scroll of silence {unknown}
 p - 2 scrolls of amnesia {unknown}
 q - 2 scrolls of enchant weapon {unknown}
 s - a scroll of noise {unknown}
Potions
 a - 2 potions of curing {unknown}
 d - a potion of degeneration {unknown}
 e - a potion of cancellation {unknown}
 i - a potion of heal wounds {unknown}
 t - a potion of mutation {unknown}


   Skills:
 - Level 4.0 Fighting
 - Level 4.0 Axes
 + Level 3.3 Armour
 - Level 3.0 Dodging
 + Level 3.3 Stealth


You had 4 spell levels left.
You didn't know any spells.
Your spell library contained the following spells:

 Spells                   Type           Power      Damage    Failure   Level
 Dazzling Flash           Conj/Hex       0%         N/A       99%         3
 Iskenderun's Mystic Bla  Conj/Tloc      0%         2d3       100%        4
 Starburst                Conj/Fire      0%         6d3       100%        6


Dungeon Overview and Level Annotations

Branches:
Dungeon (4/15)
 Temple: D:4-7

Altars:

Shops:
D:2 (   D:4 *

Annotations:
D:2 Eustachio
D:4 Dowan, Duvessa


Message History

You hit Duvessa.
Dowan gestures wildly while chanting.
Dowan blinks!
Duvessa hits you with a +0 short sword of freezing!
Duvessa freezes you. Duvessa barely misses you. Dowan casts a spell at you.
You resist with some effort.
Duvessa says, "Where magic fails, the sword succeeds!"
Dowan points at Duvessa and mumbles some strange words.
Duvessa seems to speed up.
There is an open door here.
Duvessa hits you but does no damage.
Duvessa hits you with a +0 short sword of freezing!
Duvessa freezes you.
Duvessa hits you with a +0 short sword of freezing.
Duvessa freezes you.
Dowan says, "My weaknesses are her strengths!"
Duvessa closely misses you. Dowan casts a spell at you.
The puff of frost hits you. Duvessa barely misses you.
There are no items here.
Duvessa gestures with her weapon.
Duvessa hits you with a +0 short sword of freezing!
* * * LOW HITPOINT WARNING * * *
Duvessa freezes you.
* * * LOW HITPOINT WARNING * * *
Duvessa hits you with a +0 short sword of freezing.
* * * LOW HITPOINT WARNING * * *
Duvessa freezes you.
* * * LOW HITPOINT WARNING * * *
Duvessa hits you with a +0 short sword of freezing.
* * * LOW HITPOINT WARNING * * *
Duvessa freezes you.
* * * LOW HITPOINT WARNING * * *
Dowan casts a spell.
Dowan blinks!
Duvessa hits you with a +0 short sword of freezing.
You die...

#.# #..#.#ยง.# ##........##
###.######.###.########........#
...............................##
.................................
###............e.............).##
#.############.######........#
#.# #.# #.......<# #.# #e#
#.......## ###.# #@# ######'##
....# #.# #..# ....# #.#
#########.## ....# #.#
#..........## ###.# #.#
#............ # #.# #.#
#........#.## # #.# #.#
#........#... # #.# #.#
#........#... #[# #.#
#........#...


You could see Duvessa (fast) and Dowan.

Vanquished Creatures
  A bullfrog skeleton (D:3)
  An orc wizard (D:3)
  2 hound skeletons (D:4)
  2 adders
  2 worms (D:2)
  3 dart slugs
  5 orcs
  6 endoplasms
  A giant cockroach (D:1)
  4 goblins
  6 hobgoblins
  6 jackals
  8 kobolds
  2 quokkas
  4 ball pythons
  5 bats
  4 frilled lizards
  5 rats
67 creatures vanquished.

Vanquished Creatures (others)
  A plant (D:2)
1 creature vanquished.

Grand Total: 68 creatures vanquished

Notes
Turn   | Place    | Note
-------+----------+-------------------------------------------
     0 | D:1      | Thatpatchoflichen the Hill Orc Monk began the quest for the
                  | Orb.
     0 | D:1      | Reached XP level 1. HP: 19/19 MP: 1/1
   226 | D:1      | Reached XP level 2. HP: 27/27 MP: 2/2
   611 | D:1      | Reached skill level 1 in Armour
   836 | D:1      | Reached XP level 3. HP: 26/33 MP: 3/3
  1664 | D:2      | Found a faded altar of an unknown god.
  1775 | D:2      | Found Ecakk's Antique Weapon Shoppe.
  2617 | D:2      | Reached XP level 4. HP: 22/40 MP: 4/4
  3999 | D:2      | Reached XP level 5. HP: 45/46 MP: 5/5
  4644 | D:4      | Noticed Eustachio
  5302 | D:4      | Found Boha's Assorted Antiques.
  5606 | D:4      | Noticed Duvessa
  5606 | D:4      | Noticed Dowan
  5692 | D:4      | HP: 2/46 [Duvessa (1)]
  5695 | D:4      | Slain by Duvessa

Illustrated notes

Levels and vault maps discovered:
D:1:      sevenhm_arrival_forest_fort_small_4, layout_loops_corners,
          minmay_domino_4
D:2:      layout_basic, serial_co_window_serial, co_window_of_opportunity_a,
          co_window_corner_a, co_window_paths_b, co_window_paths_a,
          co_window_paths_a, co_window_of_opportunity_a, co_window_paths_a,
          co_window_2corner, co_window_2corner, co_window_paths_c,
          co_window_broadway_b, co_window_2corner, glass_columns_a,
          glass_columns_b, glass_columns_a, chequers_ecumenical_altar_simple,
          serial_shops, nicolae_shop_overgrown_old_shop
D:3:      layout_rooms
D:4:      layout_basic, serial_shops, shop, grunt_decor_one_mirror,
          lemuel_flame_loot_1, uniq_eustachio, uniq_duvessa

Skill      XL: |  1  2  3  4  5 |
---------------+----------------+-----
Armour         | 1 2 3 |  3.3
Fighting       | 4 |  4.0
Stealth        | 2 3 |  3.3
Dodging        | 3 |  3.0
Axes           | |  4.0

Action                   |  1- 3 |  4- 6 || total
-------------------------+-------+-------++-------
Melee: Hand axe          |   118 |    56 ||   174
       War axe           |       |    70 ||    70
 Stab: Sleeping          |     5 |       ||     5
Armor: Robe              |    12 |     2 ||    14
       Scale mail        |       |    74 ||    74
       Ring mail         |       |     7 ||     7
Dodge: Dodged            |    84 |    81 ||   165
